AoeStats
← RELUIGI89

Arena

509617114Analyzed
2v2 RM · 4d ago on Sep 27, 2026· 21m 31s· 4 players
Game mode
Random Map
Map size
Medium (4 player)
Population
200
Speed
Normal
Resources
Standard
Victory
Conquest
Starting age
Dark Age
Ending age
Imperial Age
RankedLock teamsTeams togetherTeam positionsShared explorationLock speedFull tech treeHidden civsTurbo modeCheats
Victory
Defeat
🇮🇹 Teutons · Italy
849
+15
🇮🇳 Slavs · India
822
+16
🇧🇷 Britons · Brazil
838
-15
🇲🇽 Aztecs · Mexico
826
-16
RELUIGI89
10:57 Feudal Age
12:45 Wheelbarrow
13:18 Double-Bit Axe
13:16 Horse Collar
19:29 Castle Age
20:08 Man-at-Arms
20:34 Gambesons
21:56 Heavy Plow
jabardast1099
12:20 Feudal Age
14:00 Town Watch
17:45 Castle Age
16:50 Stone Mining
17:42 Double-Bit Axe
17:41 Horse Collar
17:55 Gold Mining
18:35 Loom
18:57 Heavy Plow
19:41 Bow Saw
21:28 Detinets
juanette
11:16 Feudal Age
12:43 Wheelbarrow
13:20 Loom
16:29 Castle Age
14:41 Double-Bit Axe
15:38 Gold Mining
17:26 Hand Cart
20:21 Town Watch
GREG
12:29 Feudal Age
14:05 Double-Bit Axe
16:46 Castle Age
15:04 Horse Collar
18:26 Heavy Plow
18:37 Bow Saw
19:37 Stone Mining
Connection lost

Rejoining the realm…

Still unreachable

The connection could not be restored.

Session expired

The server has moved on; the page needs a fresh start.